| TOP OF THE 1ST |
|
Harrisburg Senators batting - Pitching for Jacksonville Suns : RHP J.P. Wilson
|
|
Pitching: RHP J.P. Wilson
|
|
|
Batting: RHB Bobby Bricker
|
0-0: Swinging Strike 0-1: Called Strike 0-2: Ball 1-2: Strikes out swinging
|
|
Batting: RHB Er Le
|
0-0: Fly out, F9 (Flyball, 89S, EV 93.1 MPH)
|
|
Batting: LHB Doug Anderson
|
0-0: Called Strike 0-1: Ball 1-1: Ball 2-1: SINGLE (Groundball, 34D, EV 99.4 MPH)
|
|
Batting: LHB Chris Williams
|
0-0: Ball 1-0: Ball 2-0: Ball 3-0: Base on Balls Doug Anderson to second
|
|
Batting: RHB Pat Barton
|
0-0: Foul Ball, location: 2F 0-1: Ball 1-1: Swinging Strike 1-2: Ball 2-2: Ball 3-2: Foul Ball, location: 2F 3-2: Base on Balls Doug Anderson to third Chris Williams to second
|
|
Batting: RHB Pat Scaturro
|
0-0: Called Strike 0-1: Fly out, F9 (Line Drive, 9, EV 100.0 MPH)
|
| Top of the 1st over - 0 runs, 1 hit, 0 errors, 3 left on base; Harrisburg 0 - Jacksonville 0 |
| BOTTOM OF THE 1ST |
|
Jacksonville Suns batting - Pitching for Harrisburg Senators : LHP Manny Ruiz
|
|
Pitching: LHP Manny Ruiz
|
|
|
Batting: RHB Torquato Obawole
|
0-0: Called Strike 0-1: Ground out 6-3 (Groundball, 6, EV 87.5 MPH)
|
|
Batting: RHB Rafael Irizarry
|
0-0: Ball 1-0: Swinging Strike 1-1: Bunt missed! 1-2: Ball 2-2: Ball 3-2: Foul Ball, location: 2F 3-2: Strikes out swinging
|
|
Batting: RHB Jack Power
|
0-0: Called Strike 0-1: Swinging Strike 0-2: Foul Ball, location: 2F 0-2: SINGLE (Flyball, 56D, EV 91.9 MPH)
|
|
Batting: RHB Akira Suzuki
|
0-0: Foul Ball, location: 2F 0-1: Ball 1-1: Foul Ball, location: 2F 1-2: Foul Ball, location: 2F 1-2: Ball 2-2: SINGLE (Groundball, 6M, EV 105.0 MPH) (infield hit) Jack Power to second
|
|
Batting: RHB Len Graham
|
0-0: Called Strike 0-1: Foul Ball, location: 2F 0-2: Ball 1-2: Ball 2-2: Ball 3-2: Base on Balls Jack Power to third Akira Suzuki to second
|
|
Batting: SHB Greg Rivera
|
0-0: Called Strike 0-1: Fielders Choice at 2nd, 6-4 (Groundball, 6, EV 83.1 MPH)
|
| Bottom of the 1st over - 0 runs, 2 hits, 0 errors, 3 left on base; Harrisburg 0 - Jacksonville 0 |
| TOP OF THE 2ND |
|
Harrisburg Senators batting - Pitching for Jacksonville Suns : RHP J.P. Wilson
|
|
Batting: SHB Curtis DeLille
|
0-0: Called Strike 0-1: Ball 1-1: Ball 2-1: Ball 3-1: Base on Balls
|
|
Batting: LHB Vince McLane
|
0-0: Ball 1-0: Ball 2-0: Foul Ball, location: 2F 2-1: Foul Ball, location: 2F 2-2: Ball 3-2: Strikes out swinging
|
|
Batting: RHB Victor Cintron
|
0-0: Called Strike 0-1: Ball 1-1: Foul Ball, location: 2F 1-2: Strikes out looking
|
|
Batting: RHB Bobby Bricker
|
0-0: Ball 1-0: Foul Ball, location: 2F 1-1: Foul Ball, location: 2F 1-2: Ball 2-2: Strikes out swinging
|
| Top of the 2nd over - 0 runs, 0 hits, 0 errors, 1 left on base; Harrisburg 0 - Jacksonville 0 |
| BOTTOM OF THE 2ND |
|
Jacksonville Suns batting - Pitching for Harrisburg Senators : LHP Manny Ruiz
|
|
Batting: RHB Larry LeFever
|
0-0: Called Strike 0-1: SINGLE (Line Drive, 78S, EV 88.8 MPH)
|
|
Batting: LHB Orlando Rivera
|
0-0: Swinging Strike 0-1: Ball 1-1: Ball 2-1: Fly out, F7 (Flyball, 78S, EV 94.4 MPH)
|
|
Batting: RHB Chris Alft
|
0-0: Called Strike 0-1: Swinging Strike 0-2: Ball 1-2: Ball 2-2: Strikes out swinging
|
|
Batting: RHB Torquato Obawole
|
0-0: Foul Ball, location: 2F 0-1: Ground out 4-3 (Groundball, 4, EV 103.8 MPH)
|
| Bottom of the 2nd over - 0 runs, 1 hit, 0 errors, 1 left on base; Harrisburg 0 - Jacksonville 0 |
| TOP OF THE 3RD |
|
Harrisburg Senators batting - Pitching for Jacksonville Suns : RHP J.P. Wilson
|
|
Batting: RHB Er Le
|
0-0: Ball 1-0: Fly out, F7 (Flyball, 7, EV 85.6 MPH)
|
|
Batting: LHB Doug Anderson
|
0-0: Called Strike 0-1: Swinging Strike 0-2: Strikes out looking
|
|
Batting: LHB Chris Williams
|
0-0: Called Strike 0-1: Ball 1-1: Ground out 4-3 (Groundball, 4MD, EV 104.4 MPH)
|
| Top of the 3rd over - 0 runs, 0 hits, 0 errors, 0 left on base; Harrisburg 0 - Jacksonville 0 |
| BOTTOM OF THE 3RD |
|
Jacksonville Suns batting - Pitching for Harrisburg Senators : LHP Manny Ruiz
|
|
Batting: RHB Rafael Irizarry
|
0-0: DOUBLE (Line Drive, 8LXD, EV 110.0 MPH)
|
|
Batting: RHB Jack Power
|
0-0: Ball 1-0: Called Strike 1-1: Foul Ball, location: 2F 1-2: Foul Ball, location: 2F 1-2: Ball 2-2: Ball 3-2: Strikes out swinging, 2-3 out at first.
|
|
Batting: RHB Akira Suzuki
|
0-0: Ball 1-0: Called Strike 1-1: Ball 2-1: Called Strike Rafael Irizarry steals 3rd base 2-2: Ball 3-2: Ground out U3 (Groundball, 34, EV 85.6 MPH) Rafael Irizarry scores
|
|
Batting: RHB Len Graham
|
0-0: Ball 1-0: Ball 2-0: Swinging Strike 2-1: Called Strike 2-2: Foul Ball, location: 2F 2-2: Foul Ball, location: 2F 2-2: DOUBLE (Groundball, 5L, EV 106.2 MPH)
|
|
Batting: SHB Greg Rivera
|
0-0: Ball 1-0: Foul Ball, location: 2F 1-1: Ball 2-1: SINGLE (Groundball, 34D, EV 104.4 MPH) Len Graham to third Runner from 3rd tries for Home, SAFE, throw by RF to home Greg Rivera to second
|
|
Batting: RHB Larry LeFever
|
0-0: Ball 1-0: Foul Ball, location: 2F 1-1: Fly out, F8 (Flyball, 78M, EV 96.9 MPH)
|
| Bottom of the 3rd over - 2 runs, 3 hits, 0 errors, 1 left on base; Harrisburg 0 - Jacksonville 2 |
| TOP OF THE 4TH |
|
Harrisburg Senators batting - Pitching for Jacksonville Suns : RHP J.P. Wilson
|
|
Batting: RHB Pat Barton
|
0-0: Called Strike 0-1: Fly out, F7 (Flyball, 7D, EV 86.2 MPH)
|
|
Batting: RHB Pat Scaturro
|
0-0: Foul Ball, location: 2F 0-1: Ball 1-1: Ball 2-1: Ball 3-1: Fly out, F9 (Flyball, 9, EV 81.2 MPH)
|
|
Batting: SHB Curtis DeLille
|
0-0: Ball 1-0: Ball 2-0: Swinging Strike 2-1: Swinging Strike 2-2: Ball 3-2: Strikes out swinging
|
| Top of the 4th over - 0 runs, 0 hits, 0 errors, 0 left on base; Harrisburg 0 - Jacksonville 2 |
| BOTTOM OF THE 4TH |
|
Jacksonville Suns batting - Pitching for Harrisburg Senators : LHP Manny Ruiz
|
|
Batting: LHB Orlando Rivera
|
0-0: Called Strike 0-1: Ball 1-1: SINGLE (Flyball, 4MD, EV 86.2 MPH)
|
|
Batting: RHB Chris Alft
|
0-0: Called Strike 0-1: Foul Ball, location: 2F 0-2: Ball 1-2: Strikes out swinging
|
|
Batting: RHB Torquato Obawole
|
0-0: Called Strike Orlando Rivera steals 2nd base 0-1: Called Strike 0-2: Strikes out swinging
|
|
Batting: RHB Rafael Irizarry
|
0-0: Ball 1-0: Swinging Strike 1-1: Foul Ball, location: 2F 1-2: Strikes out swinging
|
| Bottom of the 4th over - 0 runs, 1 hit, 0 errors, 1 left on base; Harrisburg 0 - Jacksonville 2 |
| TOP OF THE 5TH |
|
Harrisburg Senators batting - Pitching for Jacksonville Suns : RHP J.P. Wilson
|
|
Batting: LHB Vince McLane
|
0-0: Ball 1-0: Foul Ball, location: 2F 1-1: Ball 2-1: Ground out 4-3 (Groundball, 34D, EV 105.6 MPH)
|
|
Batting: RHB Victor Cintron
|
0-0: Called Strike 0-1: Swinging Strike 0-2: Strikes out looking
|
|
Batting: RHB Bobby Bricker
|
0-0: Ball 1-0: Ground out 5-3 (Groundball, 56, EV 83.8 MPH)
|
| Top of the 5th over - 0 runs, 0 hits, 0 errors, 0 left on base; Harrisburg 0 - Jacksonville 2 |
| BOTTOM OF THE 5TH |
|
Jacksonville Suns batting - Pitching for Harrisburg Senators : LHP Manny Ruiz
|
|
Batting: RHB Jack Power
|
0-0: Ball 1-0: Foul Ball, location: 2F 1-1: Ball 2-1: Ball 3-1: Fly out, F7 (Line Drive, 7LS, EV 92.5 MPH)
|
|
Batting: RHB Akira Suzuki
|
0-0: Called Strike 0-1: Ball 1-1: Swinging Strike 1-2: Ball 2-2: Ground out 6-3 (Groundball, 6, EV 103.8 MPH)
|
|
Batting: RHB Len Graham
|
0-0: DOUBLE (Line Drive, 7LS, EV 106.9 MPH)
|
|
Batting: SHB Greg Rivera
|
0-0: Ball 1-0: Fly out, F9 (Line Drive, 9LM, EV 93.8 MPH)
|
| Bottom of the 5th over - 0 runs, 1 hit, 0 errors, 1 left on base; Harrisburg 0 - Jacksonville 2 |
| TOP OF THE 6TH |
|
Harrisburg Senators batting - Pitching for Jacksonville Suns : RHP J.P. Wilson
|
|
Pitching: LHP Will Sledge
|
|
|
Batting: RHB Er Le
|
0-0: Foul Ball, location: 2F 0-1: SINGLE (Groundball, 56D, EV 100.6 MPH)
|
|
Batting: LHB Doug Anderson
|
0-0: Ball 1-0: Ball 2-0: SINGLE (Line Drive, 78S, EV 90.6 MPH) Er Le to second
|
|
Pinch Hitting: RHB Antonio Vallez
|
0-0: Ball 1-0: Ball 2-0: Called Strike 2-1: Ball 3-1: Base on Balls Er Le to third Doug Anderson to second
|
|
Batting: RHB Pat Barton
|
0-0: Called Strike 0-1: Ball 1-1: DOUBLE (Groundball, 5D, EV 108.8 MPH) Er Le scores Doug Anderson scores Antonio Vallez to third
|
|
Batting: RHB Pat Scaturro
|
0-0: Intentional Walk
|
|
Batting: SHB Curtis DeLille
|
0-0: Ball 1-0: Called Strike 1-1: Foul Ball, location: 2F 1-2: Strikes out swinging
|
|
Batting: LHB Vince McLane
|
0-0: Ball 1-0: Ball 2-0: Grounds into fielders choice 3-2 (Groundball, 3L, EV 105.0 MPH) Pat Barton to third Pat Scaturro to second
|
|
Batting: RHB Victor Cintron
|
0-0: Called Strike 0-1: Swinging Strike 0-2: Ball 1-2: Ball 2-2: Fielders Choice at 2nd, 6-4 (Groundball, 6, EV 81.2 MPH)
|
| Top of the 6th over - 2 runs, 3 hits, 0 errors, 3 left on base; Harrisburg 2 - Jacksonville 2 |
| BOTTOM OF THE 6TH |
|
Jacksonville Suns batting - Pitching for Harrisburg Senators : LHP Manny Ruiz
|
|
Now in CF: Chance McWilliams
|
|
|
Batting: RHB Larry LeFever
|
0-0: Called Strike 0-1: Foul Ball, location: 2F 0-2: Ball 1-2: Ground out 4-3 (Groundball, 4, EV 102.5 MPH)
|
|
Batting: LHB Orlando Rivera
|
0-0: Fly out, F9 (Flyball, 89D, EV 98.8 MPH)
|
|
Batting: RHB Chris Alft
|
0-0: Ball 1-0: Called Strike 1-1: Swinging Strike 1-2: Foul Ball, location: 2F 1-2: DOUBLE (Groundball, 5L, EV 108.8 MPH)
|
|
Pitching: RHP David Koski
|
|
|
Batting: RHB Torquato Obawole
|
0-0: Called Strike 0-1: Ball 1-1: Foul Ball, location: 2F 1-2: DOUBLE (Flyball, 89XD, EV 98.1 MPH) Chris Alft scores
|
|
Batting: RHB Rafael Irizarry
|
0-0: SINGLE (Groundball, 25, EV 73.1 MPH) (infield hit) Torquato Obawole to third
|
|
Batting: RHB Jack Power
|
0-0: Ball 1-0: Foul Ball, location: 2F 1-1: Ball 2-1: Foul Ball, location: 2F 2-2: Strikes out swinging, 2-3 out at first.
|
| Bottom of the 6th over - 1 run, 3 hits, 0 errors, 2 left on base; Harrisburg 2 - Jacksonville 3 |
| TOP OF THE 7TH |
|
Harrisburg Senators batting - Pitching for Jacksonville Suns : LHP Will Sledge
|
|
Pitching: RHP Earl Shepherd
|
|
|
Batting: RHB Bobby Bricker
|
0-0: Ball 1-0: Ball 2-0: SINGLE (Flyball, 8RS, EV 85.6 MPH)
|
|
Batting: RHB Er Le
|
0-0: Ball 1-0: Bunt missed! 1-1: Bunt missed! 1-2: Foul Ball, location: 2F 1-2: Ball 2-2: Strikes out swinging
|
|
Batting: LHB Doug Anderson
|
0-0: Ball 1-0: Ball 2-0: Called Strike 2-1: Ball Bobby Bricker steals 2nd base 3-1: Base on Balls
|
|
Batting: LHB Chance McWilliams
|
0-0: Ball 1-0: Grounds into double play, 4-6-3 (Groundball, 4, EV 103.8 MPH)
|
| Top of the 7th over - 0 runs, 1 hit, 0 errors, 1 left on base; Harrisburg 2 - Jacksonville 3 |
| BOTTOM OF THE 7TH |
|
Jacksonville Suns batting - Pitching for Harrisburg Senators : RHP David Koski
|
|
Pitching: LHP Johnny Busse
|
|
|
Batting: RHB Akira Suzuki
|
0-0: Foul Ball, location: 2F 0-1: Called Strike 0-2: Ball 1-2: Ball 2-2: Strikes out swinging
|
|
Batting: RHB Len Graham
|
0-0: Ball 1-0: Ground out 6-3 (Groundball, 6, EV 81.2 MPH)
|
|
Batting: SHB Greg Rivera
|
0-0: Called Strike 0-1: Ball 1-1: Ball 2-1: Foul Ball, location: 2F 2-2: Strikes out swinging
|
| Bottom of the 7th over - 0 runs, 0 hits, 0 errors, 0 left on base; Harrisburg 2 - Jacksonville 3 |
| TOP OF THE 8TH |
|
Harrisburg Senators batting - Pitching for Jacksonville Suns : RHP Earl Shepherd
|
|
Pitching: RHP Alberto Negrete
|
|
|
Batting: RHB Pat Barton
|
0-0: Fly out, F8 (Flyball, 8LS, EV 79.4 MPH)
|
|
Batting: RHB Pat Scaturro
|
0-0: Ball 1-0: Fly out, F8 (Flyball, 89D, EV 103.8 MPH)
|
|
Batting: SHB Curtis DeLille
|
0-0: Ball 1-0: Ball 2-0: Foul Ball, location: 2F 2-1: Fly out, F7 (Flyball, 78M, EV 88.8 MPH)
|
| Top of the 8th over - 0 runs, 0 hits, 0 errors, 0 left on base; Harrisburg 2 - Jacksonville 3 |
| BOTTOM OF THE 8TH |
|
Jacksonville Suns batting - Pitching for Harrisburg Senators : LHP Johnny Busse
|
|
Pitching: RHP Jason Beck
|
|
|
Batting: RHB Larry LeFever
|
0-0: Called Strike 0-1: Ball 1-1: Called Strike 1-2: Strikes out looking
|
|
Batting: LHB Orlando Rivera
|
0-0: Ball 1-0: Called Strike 1-1: Foul Ball, location: 2F 1-2: Strikes out looking
|
|
Batting: RHB Chris Alft
|
0-0: Called Strike 0-1: Ball 1-1: Called Strike 1-2: Strikes out swinging
|
| Bottom of the 8th over - 0 runs, 0 hits, 0 errors, 0 left on base; Harrisburg 2 - Jacksonville 3 |
| TOP OF THE 9TH |
|
Harrisburg Senators batting - Pitching for Jacksonville Suns : RHP Alberto Negrete
|
|
Batting: LHB Vince McLane
|
0-0: Ball 1-0: Called Strike 1-1: Swinging Strike 1-2: Strikes out swinging
|
|
Pinch Hitting: RHB Ryan Hiemer
|
0-0: Ball 1-0: Ball 2-0: Foul Ball, location: 2F 2-1: Foul Ball, location: 2F 2-2: Strikes out swinging
|
|
Batting: RHB Bobby Bricker
|
0-0: Ball 1-0: Called Strike 1-1: Ball 2-1: Called Strike 2-2: Strikes out swinging
|
| Top of the 9th over - 0 runs, 0 hits, 0 errors, 0 left on base; Harrisburg 2 - Jacksonville 3 |
|